 Dungeon Crawl Stone Soup version 0.28.0-43-g3370ac3207 (webtiles) character file.

Game seed: 9483076305521115844

219 NinjaNoafa the Sneak (level 6, -1/37 HPs)
             Began as a Kobold Brigand on Apr 1, 2022.
             Was an Initiate of Yredelemnul.
             Slain by an orc wizard
             ... wielding a +0 dagger
              (2 damage)
             ... on level 3 of the Dungeon.
             The game lasted 00:10:54 (2400 turns).

NinjaNoafa the Sneak (Kobold Brigand)               Turns: 2400, Time: 00:10:54

Health: -1/37      AC:  5    Str:  8    XL:     6   Next: 17%
Magic:  8/8        EV: 16    Int: 12    God:    Yredelemnul [......]
Gold:   133        SH:  0    Dex: 19    Spells: 8/8 levels left

rFire   . . .      SeeInvis .   r - +4 mace "Ycoupaes" {vorpal, *Rage Fly rPois Will+}
rCold   . . .      Faith    +   (no shield)
rNeg    . . .      Spirit   .   b - +0 robe
rPois   +          Reflect  .   (no helmet)
rElec   .          Harm     .   p - +1 cloak
rCorr   .          Rampage  .   (no gloves)
Will    +....      Rage     20% o - +0 pair of boots
Stlth   ++++......              i - amulet of faith
HPRegen 0.12/turn               (no ring)
MPRegen 0.11/turn               (no ring)

@: flying
A: small, no large weapons, nightstalker 3
a: Renounce Religion, Recall Undead Harvest


You were on level 3 of the Dungeon.
You worshipped Yredelemnul.
Yredelemnul was noncommittal.
You visited 1 branch of the dungeon, and saw 3 of its levels.

You collected 133 gold pieces.

Inventory:

Hand Weapons
 a - a +2 dagger
 e - a +4 quarterstaff of chaos
 j - a -3 dagger
 r - the +4 mace "Ycoupaes" (weapon) {vorpal, *Rage Fly rPois Will+}
   (You found it on level 2 of the Dungeon)

   It inflicts extra damage upon your enemies.
   rPois:     It protects you from poison.
   Fly:       It grants you flight.
   *Rage:     It berserks you when you make melee attacks (+20% chance).
   Will:      It increases your willpower.
 s - a +0 short sword of draining
 t - a +2 dagger of protection
Missiles
 d - 6 poisoned darts (quivered)
 h - 17 stones
 q - a curare-tipped dart
Armour
 b - a +0 robe (worn)
 c - a +0 cloak
 g - a +0 leather armour
 o - a +0 pair of boots (worn)
 p - a +1 cloak (worn)
Jewellery
 i - an amulet of faith (around neck)
Scrolls
 l - 2 scrolls of fear
Potions
 m - 2 potions of ambrosia {unknown}
 n - a potion of curing {unknown}


   Skills:
 + Level 3.1 Fighting
 - Level 4.1 Short Blades
 * Level 0.4 Maces & Flails
 + Level 3.2 Throwing
 + Level 3.1 Dodging
 + Level 6.2 Stealth
 + Level 1.5 Spellcasting


You had 8 spell levels left.
You didn't know any spells.
Your spell library was empty.

Dungeon Overview and Level Annotations

Branches:
Dungeon (3/15)

Altars:
Yredelemnul

Shops:
D:1 !


Innate Abilities, Weirdness & Mutations

You are small and have problems with some larger weapons.
You are completely attuned to the shadows.


Message History

Deactivating autopickup; reactivate with Ctrl-A.
The orc priest mumbles some strange prayers to Beogh against you.
Beogh smites you!
* * * LOW HITPOINT WARNING * * *
The orc hits your adder zombie with a +0 club.
Your orc zombie hits the orc but does no damage.
The orc closely misses you.
Your adder zombie bites the orc but does no damage.
Something hits your orc zombie.
The orc barely misses your adder zombie.
As you read the scroll of fear, it crumbles to dust.
You assume a fearsome visage.
The orc looks frightened!
The orc priest looks frightened!
The orc looks frightened!
Your adder zombie misses the orc.
Your orc zombie closely misses the orc.
Throw: 6 darts (poison)
Press: ? - help, Q - select action, (/) - cycle Shift-Dir - straight line, f - orc
Aim: an orc, wielding a +0 club and wearing a +0 leather armour (heavily wounded, fleeing, ally target, 63% to hit)
Really fire in your adder zombie's direction?
Okay, then.
You swap places.
You feel yourself speed up.
Throw: 6 darts (poison)
Press: ? - help, Q - select action, (/) - cycle Shift-Dir - straight line, f/p - orc
Aim: an orc, wielding a +0 club and wearing a +0 leather armour (heavily wounded, fleeing, ally target, 63% to hit)
You throw a poisoned dart.
The poisoned dart closely misses the orc.
Found a stone staircase leading up.
You see here a poisoned dart.
You see here a poisoned dart.
d - 6 poisoned darts (gained 1)
You swap places.
You recover from your berserk rage.
You hear some strange, mumbled words.
A magic dart appears from out of thin air!
The magic dart hits you!
* * * LOW HITPOINT WARNING * * *
You see here a +0 rapier of flaming.
Something hits you.
You die...
Your body rises from the dead as a mindless zombie.

#.########.,,,,,* *,* *,,,,,
#.......##.*###.***,***,,**,
#.......##.#...,,,,,,,,,,**,
#.......##.#.###****,*,*,**,
#.......##......,,,*,*,*,**,
*****#...............**,*,*,*,**,
,,,,,.>..............,,,,,,,,,,,,
,*****#.........ZZ#..,*,*,*,**,,,
,* ****#####...)@.#..,*,*,*,**,,,
,* *,,,,,,......{.<..,*,,,*,**,,,
,* *,****,........#..,*****,**,,,
,* *,* *,*#####.....,,,,,,,,,,,,
,* *,****,*****####.,,****,,,,,,,
,* *,*,,,,,,,,,,,,,,,,* *,,,,,,,
,* *,,,*********,,***** *****,,,
,* *,,,*,,,,,,,*,,* *,,, ,*
*,*,*,,,_,,,,,,* *,,,


You could see a friendly kobold zombie and a friendly orc zombie.

Vanquished Creatures
  Crazy Yiuf (D:2)
  Natasha (twice) (D:2)
  4 adders
  2 worms (D:2)
  3 orcs (D:3)
  2 ball pythons (D:2)
  3 endoplasms
  A giant cockroach (D:1)
  5 goblins
  2 hobgoblins
  3 jackals (D:2)
  A quokka (D:2)
  5 bats
  5 frilled lizards
  4 kobolds
  6 rats
49 creatures vanquished.

Vanquished Creatures (collateral kills)
  Natasha (D:2)
  An adder (D:3)
  A worm (D:2)
  2 ball pythons (D:2)
  A bat (D:1)
  An endoplasm (D:2)
  A giant cockroach (D:3)
  A hobgoblin (D:2)
  2 jackals (D:2)
  A quokka (D:2)
  A kobold (D:2)
13 creatures vanquished.

Vanquished Creatures (others)
  2 worm zombies (D:2)
  An adder zombie (D:3)
  A ball python zombie (D:2)
  A giant cockroach zombie (D:3)
  A goblin zombie (D:2)
  A hobgoblin zombie (D:2)
  A jackal zombie (D:2)
  A kobold zombie (D:3)
  2 rat zombies (D:2)
  2 spectral endoplasms
  A fungus (D:2)
14 creatures vanquished.

Grand Total: 76 creatures vanquished

Notes
Turn   | Place    | Note
-------+----------+-------------------------------------------
     0 | D:1      | NinjaNoafa the Kobold Brigand began the quest for the Orb.
     0 | D:1      | Reached XP level 1. HP: 12/12 MP: 1/1
   146 | D:1      | Found Naetu's Distillery.
   151 | D:1      | Reached XP level 2. HP: 18/18 MP: 2/2
   430 | D:1      | Found a faded altar of an unknown god.
   439 | D:1      | Prayed at the altar of an unknown god.
   439 | D:1      | Became a worshipper of Yredelemnul the Dark
   439 | D:1      | Reached * piety under Yredelemnul
   522 | D:1      | Reached ** piety under Yredelemnul
   716 | D:2      | Reached XP level 3. HP: 22/22 MP: 2/4
   967 | D:2      | Noticed Natasha
   981 | D:2      | Killed Natasha
   982 | D:2      | Reached skill level 1 in Spellcasting
   982 | D:2      | Reached XP level 4. HP: 5/27 MP: 5/5
  1450 | D:2      | Noticed Natasha
  1461 | D:2      | Killed Natasha
  1462 | D:2      | Reached XP level 5. HP: 18/32 MP: 6/6
  1728 | D:2      | Noticed Natasha
  1739 | D:2      | Killed Natasha
  1740 | D:2      | Reached skill level 6 in Stealth
  2146 | D:2      | Found a runed translucent door.
  2149 | D:2      | Noticed Crazy Yiuf
  2155 | D:2      | Killed Crazy Yiuf
  2156 | D:2      | Reached XP level 6. HP: 37/37 MP: 8/8
  2193 | D:2      | Identified the +4 mace "Ycoupaes" {vorpal, *Rage Fly rPois
                  | Will+}
  2203 | D:2      | Reached *** piety under Yredelemnul
  2399 | D:3      | HP: 1/37 [something/magic dart (7)]
  2400 | D:3      | Slain by an orc wizard

Illustrated notes

Levels and vault maps discovered:
D:1:      dpeg_arrival_rooms_c, layout_basic, ebering_ecumenical_altar_rust,
          serial_shops, nicolae_shop_advertising_works
          [nicolae_subvault_shop_adworks], minmay_crystal_water,
          minmay_misc_feat_five
D:2:      layout_loops_ring, minmay_misc_feat_room,
          hangedman_abyss_or_decor_stabs, uniq_crazy_yiuf_cottage, uniq_natasha
D:3:      layout_basic, vehumet_statue, lemuel_doored_altar

Skill      XL: |  1  2  3  4  5 |
---------------+----------------+-----
Short Blades   | 3 4 |  4.1
Dodging        | 2 3 |  3.1
Spellcasting   | 1 |  1.5
Throwing       | 3 |  3.2
Stealth        | 6 |  6.2
Fighting       | 3 |  3.1
Maces & Flails | |  0.4

Action                   |  1- 3 |  4- 6 || total
-------------------------+-------+-------++-------
Melee: Dagger            |    49 |    49 ||    98
       Punch             |     1 |     1 ||     2
       Mace              |       |    21 ||    21
Throw: Dart              |     7 |     8 ||    15
  Use: Potion            |     1 |     1 ||     2
       Scroll            |       |     4 ||     4
 Stab: Sleeping          |    13 |     7 ||    20
Armor: Robe              |     9 |    14 ||    23
Dodge: Dodged            |    25 |    50 ||    75
